 Dungeon Crawl Stone Soup version 0.23.0-3-gf3c87f2 (webtiles) character file.

Game seed: 7458872056403341513

254 Borgoz the Sneak (level 6, -4/45 HPs)
             Began as a Ghoul Enchanter on Feb 24, 2019.
             Slain by a gnoll shaman
             ... wielding a +0 whip
              (8 damage)
             ... on level 4 of the Dungeon.
             The game lasted 00:07:49 (3261 turns).

Borgoz the Sneak (Ghoul Enchanter)                  Turns: 3261, Time: 00:07:49

Health: -4/45      AC:  4    Str: 12    XL:     6   Next: 15%
Magic:  6/9        EV: 12    Int: 15    God:
Gold:   141        SH:  0    Dex: 11    Spells: 7/10 levels left

rFire    . . .     SeeInvis .   m - +2 dagger (vamp)
rCold    + . .     Gourm    .   (no shield)
rNeg     + + +     Faith    .   e - +0 leather armour (curse)
rPois    ∞         Spirit   .   (no helmet)
rElec    .         Reflect  .   (no cloak)
rCorr    .         Harm     .   i - +0 pair of gloves
MR       .....                  (no boots)
Stlth    +.........             (no amulet)
HPRegen  0.00/turn              (no ring)
MPRegen  0.11/turn              (no ring)

@: brilliant, rotting, glowing
A: rotting body, claws 1, carnivore, cold resistance 1, negative energy
resistance 3, inhibited regeneration, torment resistance, unbreathing
a: no special abilities


You were on level 4 of the Dungeon.
You were not hungry.

You visited 1 branch of the dungeon, and saw 4 of its levels.

You collected 141 gold pieces.

Inventory:

Hand Weapons
 k - a +0 dagger of speed
 m - a +2 vampiric dagger (weapon)
Missiles
 f - 24 poisoned needles
Armour
 e - a cursed +0 leather armour (worn)
 i - a +0 pair of gloves (worn)
Scrolls
 a - 3 scrolls of teleportation
 h - a scroll of remove curse
 n - a scroll of amnesia {unknown}
Potions
 c - a potion of resistance
Comestibles
 b - 2 chunks of flesh
 d - 5 rations


   Skills:
 * Level 3.2 Short Blades
 + Level 2.9 Dodging
 - Level 3.5 Stealth
 + Level 2.7 Spellcasting
 + Level 3.2 Hexes


You had 7 spell levels left.
You knew the following spells:

 Your Spells              Type           Power        Failure   Level  Hunger
a - Corona                Hex            ###....      1%          1    #......
b - Ensorcelled Hibernat  Hex/Ice        ###...       2%          2    ##.....

Your spell library contained the following spells:

 Spells                   Type           Power        Failure   Level  Hunger
 Confuse                  Hex            ###.....     2%          3    ###....
 Tukima's Dance           Hex            ###.....     2%          3    ###....
 Dazzling Spray           Conj/Hex       ###...       4%          3    ###....


Dungeon Overview and Level Annotations

Branches:
Dungeon (4/15)
 Temple: D:4-7

Altars:
Cheibriados
Dithmenos
Qazlal


Innate Abilities, Weirdness & Mutations

Your body is rotting away.
You thrive on raw meat.
You are immune to poison.
You have sharp fingernails.
You are carnivorous and can eat meat at any time.
Your flesh is cold resistant. (rC+)
You are immune to negative energy. (rN+++)
You do not regenerate when monsters are visible.
You are immune to unholy pain and torment.
You can survive without breathing.


Message History

You barely miss the gnoll shaman.
The gnoll shaman is almost dead.
The gnoll shaman misses you.
The gnoll hits you from afar with a +0 spear.
You hit the gnoll shaman but do no damage.
The gnoll shaman is almost dead.
The gnoll shaman hits you with a +0 whip!
* * * LOW HITPOINT WARNING * * *
The gnoll hits you from afar with a +0 spear.
* * * LOW HITPOINT WARNING * * *
Unknown command.
It was a potion of brilliance.
You feel clever all of a sudden.
The gnoll shaman prays to its god.
The gnoll shaman is healed somewhat.
The gnoll hits you from afar with a +0 spear.
* * * LOW HITPOINT WARNING * * *
Okay, then.
The gnoll shaman hits you with a +0 whip!
You die...

....#.# #...#. ..... #...
##+######..## ## #...........
... #.....###.### ....
#..<..'.g..@##...##
..........###.g........
......g#### #.÷........ #..
....... #....#.........######..
.........g...+....##..(........
.......##....#....# .........#
#.#..#. #....#....# ........#
#.#..#. #.........+ ........#
#...g.....##..........#


You could see a gnoll shaman and a gnoll.

Vanquished Creatures
  A hound (D:4)
  An orc priest (D:3)
  An iguana (D:4)
  2 worker ants (D:4)
  3 adders
  2 oozes
  3 worms
  A dart slug (D:3)
  5 leopard geckos
  3 orcs (D:3)
  2 ball pythons
  12 goblins
  9 hobgoblins
  6 jackals
  5 bats
  4 frilled lizards
  6 kobolds
  4 rats
70 creatures vanquished.

Notes
Turn   | Place    | Note
-------+----------+-------------------------------------------
     0 | D:1      | Borgoz the Ghoul Enchanter began the quest for the Orb.
     0 | D:1      | Reached XP level 1. HP: 14/14 MP: 2/2
    27 | D:1      | Reached skill level 1 in Short Blades
    62 | D:1      | Reached XP level 2. HP: 12/20 MP: 3/3
   434 | D:1      | Reached XP level 3. HP: 16/26 MP: 5/5
  1571 | D:2      | Reached XP level 4. HP: 33/33 MP: 6/6
  1695 | D:3      | Found a snail-covered altar of Cheibriados.
  1732 | D:3      | Found a shadowy altar of Dithmenos.
  1734 | D:3      | Found a stormy altar of Qazlal.
  2110 | D:3      | Learned a level 2 spell: Ensorcelled Hibernation
  2367 | D:3      | Reached XP level 5. HP: 32/38 MP: 5/7
  2807 | D:4      | Noticed a water moccasin
  3203 | D:4      | Reached XP level 6. HP: 45/45 MP: 6/9
  3261 | D:4      | Slain by a gnoll shaman

Skill      XL: |  1  2  3  4  5 |
---------------+----------------+-----
Short Blades   | 1 2 3 |  3.2
Dodging        | 2 |  2.9
Spellcasting   | 2 |  2.7
Hexes          | 3 |  3.2
Stealth        | |  3.5

Action                   |  1- 3 |  4- 6 || total
-------------------------+-------+-------++-------
Melee: Dagger            |   204 |   171 ||   375
 Cast: Ensorcelled Hiber |       |    12 ||    12
       Corona            |       |     2 ||     2
  Use: Scroll            |     2 |     3 ||     5
       Potion            |       |     4 ||     4
 Stab: Sleeping          |    12 |    12 ||    24
  Eat: Chunk             |    19 |    13 ||    32
Armor: Robe              |    38 |    19 ||    57
       Leather armour    |       |     2 ||     2
Dodge: Dodged            |   125 |    76 ||   201
